 Dungeon Crawl Stone Soup version 0.31-a0-1272-g9f703e4c1d (webtiles) character file.

Game seed: 18437138914266098059

50 Ge0ff the Cutter (level 4, -3/29 HPs)
             Began as a Kobold Chaos Knight on Dec 17, 2023.
             Slain by Sigmund
             ... wielding a +5 scythe of freezing
              (10 damage)
             ... on level 2 of the Dungeon.
             The game lasted 00:04:53 (1837 turns).

Ge0ff the Cutter (Kobold Chaos Knight)              Turns: 1837, Time: 00:04:53

Health: -3/29      AC:  5    Str:  9    XL:     4   Next: 4%
Magic:  6/6        EV: 14    Int: 13    God:
Gold:   77         SH:  0    Dex: 16    Spells: 3/5 levels left

rFire   . . .        a - +0 short sword (chaos)
rCold   + . .        (no shield)
rNeg    . . .        b - +2 leather armour
rPois   .            (no helmet)
rElec   .            (no cloak)
rCorr   .            (no gloves)
SInv    .            (no boots)
Will    .....        (no amulet)
Stlth   +++          (no ring)
HPRegen 0.24/turn    (no ring)
MPRegen 0.10/turn

%: random rage (3%)
@: no status effects
A: small, no large weapons, nightstalker 3, berserk 1, cold resistance 1
a: no special abilities


You were on level 2 of the Dungeon.
You visited 1 branch of the dungeon, and saw 2 of its levels.

You collected 95 gold pieces.
You spent 18 gold pieces at shops.

Inventory:

Hand Weapons
 a - a +0 short sword of chaos (weapon)
Missiles
 U - 28 stones
 V - 5 poisoned darts (quivered)
Armour
 b - a +2 leather armour (worn)
Scrolls
 R - a scroll of identify {unknown}
 S - a scroll of butterflies
 T - a scroll of silence {unknown}
 X - a scroll of enchant weapon {unknown}
 Y - a scroll of enchant armour {unknown}
Potions
 P - a potion of attraction {unknown}
 Q - a potion of magic {unknown}
 W - a potion of heal wounds {!q}
 Z - a potion of brilliance {unknown}


   Skills:
 - Level 4.0 Fighting
 - Level 4.0 Short Blades
 - Level 0.7 Armour
 - Level 2.4 Dodging
 - Level 3.0 Stealth
 + Level 1.4 Spellcasting


You had 3 spell levels left.
You knew the following spells:

 Your Spells              Type           Power      Damage    Failure   Level
s - Jinxbite              Hex            0%         N/A       50%         2

Your spell library contained the following spells:

 Spells                   Type           Power      Damage    Failure   Level
 Apportation              Tloc           0%         N/A       36%         1
 Alistair's Intoxication  Tmut/Pois      0%         N/A       100%        5


Dungeon Overview and Level Annotations

Branches:
Dungeon (2/15) Zot: 10183

Altars:

Shops:
D:1 ***?

Annotations:
D:2 Sigmund


Innate Abilities, Weirdness & Mutations

You are small and have problems with some larger weapons.
You are completely attuned to the shadows.
You sometimes lose your temper in combat.
Your flesh is cold resistant. (rC+)


Message History

Z - 2 viscous sapphire potions (gained 1)
You see here a quokka corpse.
P - a sapphire potion You see here a quokka corpse.
There is a stone staircase leading down here.
There is a stone staircase leading up here.
An endoplasm comes into view.
The helpless endoplasm fails to defend itself.
You impale the endoplasm!!
You kill the endoplasm!
Sigmund the Dreaded comes into view.
He is wielding a +5 scythe of freezing.
Sigmund shouts!
Sigmund points at you and mumbles some strange words.
The puff of flame hits you!
Sigmund points at you and mumbles some strange words.
The puff of flame misses you.
You hit Sigmund but do no damage.
Sigmund is poisoned.
Sigmund closely misses you.
You hit Sigmund.
Sigmund is lightly wounded.
You barely miss Sigmund.
Sigmund is moderately wounded.
Sigmund points at you and mumbles some strange words.
The magic dart hits you!
You hit Sigmund but do no damage.
Sigmund seems to speed up.
Sigmund is moderately wounded.
Sigmund barely misses you.
You hit Sigmund but do no damage.
Sigmund falls asleep!
Sigmund shouts!
Sigmund is moderately wounded.
Sigmund casts a spell.
Sigmund flickers and vanishes!
Deactivating autopickup; reactivate with Ctrl-A.
You hit something but do no damage. Something hits you.
* * * LOW HITPOINT WARNING * * *
You barely miss something. Something hits you.
* * * LOW HITPOINT WARNING * * *
Something freezes you.
* * * LOW HITPOINT WARNING * * *
You barely miss something. Something hits you but does no damage.
It was a potion of heal wounds.
You feel much better.
W - a potion of heal wounds;
Z - a dark potion Something hits you! Something freezes you.
You closely miss something. You closely miss something. Something hits you!
* * * LOW HITPOINT WARNING * * *
Something freezes you.
* * * LOW HITPOINT WARNING * * *
You hit something. Something hits you!
You die...

###### .....# .....# #########
.....# #...@{... ..# .....#
#.####### #.# .....# #.# #)#
##.#.########.##########.#
...#..............>......#
#########.<.>.......####.########
#.^.......###.#####.# #........#
#.######### #.# #.# #.######.#
#.#### #.# #.# #.# #..


There were no monsters in sight!

Vanquished Creatures
  An adder (D:2)
  2 worms (D:2)
  A dart slug (D:1)
  4 bats
  An endoplasm (D:2)
  A giant cockroach (D:1)
  3 goblins
  3 hobgoblins (D:1)
  2 jackals (D:1)
  A quokka (D:2)
  A ball python (D:1)
  4 frilled lizards
  7 kobolds
  2 rats
33 creatures vanquished.

Notes
Turn   | Place    | Note
-------+----------+-------------------------------------------
     0 | D:1      | Ge0ff the Kobold Chaos Knight began the quest for the Orb.
     0 | D:1      | Reached XP level 1. HP: 14/14 MP: 1/1
     0 | D:1      | Fell from the grace of Xom
   109 | D:1      | Found Keraitihi's Magic Scroll Shoppe.
   148 | D:1      | Reached skill level 1 in Stealth
   221 | D:1      | Found Zaziori's General Store.
   325 | D:1      | Found Nunergha's General Store.
   327 | D:1      | Reached XP level 2. HP: 19/19 MP: 2/2
   428 | D:1      | Found Sakeohiu's Assorted Antiques.
   433 | D:1      | Bought a scroll labelled XIKLUQ GUOFET for 18 gold pieces
   705 | D:1      | Reached XP level 3. HP: 23/23 MP: 3/3
  1298 | D:2      | Learned a level 2 spell: Jinxbite
  1360 | D:2      | Reached skill level 1 in Spellcasting
  1588 | D:2      | XOM: give mutations
  1588 | D:2      | Gained mutation: You sometimes lose your temper in combat.
                  | [Xom's mischief]
  1588 | D:2      | Gained mutation: Your muscles are strong. (Str +4, Int/Dex
                  | -1) [Xom's mischief]
  1588 | D:2      | Gained mutation: Your flesh is cold resistant. (rC+) [Xom's
                  | mischief]
  1588 | D:2      | Lost mutation: Your muscles are strong. (Str +4, Int/Dex
                  | -1) [Xom's mischief]
  1639 | D:2      | Reached XP level 4. HP: 29/29 MP: 5/5
  1822 | D:2      | Noticed Sigmund
  1837 | D:2      | Slain by Sigmund

Illustrated notes

Levels and vault maps discovered:
D:1:      giann_forest_graveyard, layout_basic, serial_shops,
          nicolae_shop_tiny_glass, shop, shop, nicolae_square_shop
D:2:      layout_loops_ring, kennysheep_small_spiral, uniq_sigmund

Skill      XL: |  1  2  3 |
---------------+----------+-----
Stealth        | 2 3 |  3.0
Fighting       | 4 |  4.0
Spellcasting   | 1 |  1.4
Short Blades   | |  4.0
Armour         | |  0.7
Dodging        | |  2.4

Action                     |  1- 3 |  4- 6 || total
---------------------------+-------+-------++-------
  Melee: Short sword       |    94 |    13 ||   107
         Punch             |     1 |       ||     1
  Throw: Dart              |     1 |       ||     1
 Invoke: Renounce Religion |     1 |       ||     1
    Use: Scroll            |     1 |       ||     1
         Potion            |       |     1 ||     1
   Stab: Sleeping          |    13 |     2 ||    15
 Armour: Leather armour    |    27 |     8 ||    35
  Dodge: Dodged            |    46 |     3 ||    49

Table legend: (Time is in decaauts)
 A = Elapsed time spent in this place.
 B = Non-inter-level travel time spent in this place.
 C = Inter-level travel time spent in this place.
 D = Time resting spent in this place.
 E = Time spent auto-exploring this place.
 F = Levels seen in this place.
 G = Mean time per level.
                   A        B        C        D        E       F      G
               +--------+--------+--------+--------+--------+-----+--------+
         Total |   1815 |   1803 |     12 |      0 |   1511 |   2 |  907.5 |
       Dungeon |   1815 |   1803 |     12 |      0 |   1511 |   2 |  907.5 |
               +--------+--------+--------+--------+--------+-----+--------+

Top non-repeatable levels by time:
     D:1: 1140 daAuts
     D:2: 675 daAuts
